 Dungeon Crawl Stone Soup version 0.27-b1-42-g19c61b19a5 (webtiles) character file.

Game seed: 7883958089591251110

371 ZARRMARR the Chopper (level 6, -11/52 HPs)
             Began as a Hill Orc Fighter on July 30, 2021.
             Mangled by Menkaure (16 damage)
             ... on level 4 of the Dungeon.
             The game lasted 00:22:41 (4389 turns).

ZARRMARR the Chopper (Hill Orc Fighter)             Turns: 4389, Time: 00:22:43

Health: -11/52     AC: 10    Str: 21    XL:     6   Next: 70%
Magic:  6/6        EV:  8    Int:  8    God:
Gold:   172        SH: 14    Dex: 10    Spells: 5/5 levels left

rFire    . . .     SeeInvis .   a - +0 war axe
rCold    . . .     Faith    .   c - +0 kite shield
rNeg     . . .     Spirit   .   b - +1 scale mail
rPois    .         Reflect  +   (no helmet)
rElec    .         Harm     .   (no cloak)
rCorr    .         Rampage  .   t - +0 pair of gloves
Will     +....                  r - +0 pair of boots
Stlth    ..........             u - amulet of reflection
HPRegen  0.17/turn              i - ring of willpower
MPRegen  0.10/turn              (no ring)

@: no status effects
A: no striking features
a: no special abilities


You were on level 4 of the Dungeon.
You visited 1 branch of the dungeon, and saw 4 of its levels.

You collected 172 gold pieces.

Inventory:

Hand Weapons
 a - a +0 war axe (weapon)
 f - a +0 dagger of electrocution
 p - a +2 spear of freezing
Missiles
 e - 10 boomerangs
 g - 18 poisoned darts
 o - a javelin (quivered)
Armour
 b - a +1 scale mail (worn)
 c - a +0 kite shield (worn)
 r - a +0 pair of boots (worn)
 t - a +0 pair of gloves (worn)
Jewellery
 i - a ring of willpower (left hand)
 u - an amulet of reflection (around neck)
Scrolls
 j - a scroll of fear {unknown}
 l - a scroll of teleportation {unknown}
 m - a scroll of identify {unknown}
 s - a scroll of enchant weapon {unknown}
 v - a scroll of brand weapon {unknown}
Potions
 d - a potion of attraction {unknown}
 h - a potion of haste {unknown}
 k - 2 potions of flight {unknown}
 n - a potion of mutation {unknown}
 q - 2 potions of curing


   Skills:
 + Level 4.1 Fighting
 + Level 5.0 Axes
 * Level 3.2 Throwing
 + Level 4.4 Armour
 + Level 1.1 Dodging
 + Level 4.1 Shields


You had 5 spell levels left.
You didn't know any spells.
Your spell library contained the following spells:

 Spells                   Type           Power      Damage    Failure   Level
 Stone Arrow              Conj/Erth      0%         3d7       100%        3
 Bolt of Magma            Conj/Fire/Erth 0%         4d4       100%        5
 Shatter                  Erth           0%         3d5*      100%        9


Dungeon Overview and Level Annotations

Branches:
Dungeon (4/15)
 Temple: D:4-7

Altars:
Uskayaw

Shops:
D:1 :   D:3 *

Annotations:
D:3 2 transporters, pikapanic's ghost, weakling DsAK
D:4 Menkaure


Message History

a +0 giant club; an ogre skeleton Menkaure, Prince of Dust comes into view.
Menkaure shouts!
Throw: 2 javelins
Press: ? - help, Q - select action, (/) - cycle Shift-Dir - straight line, f - Menkaure
Aim: Menkaure (74% to hit)
You throw a javelin. The javelin pierces through Menkaure!
Menkaure is heavily damaged.
Menkaure casts a spell at you. You resist with some effort.
Menkaure hits you but does no damage.
You hit Menkaure but do no damage.
Menkaure is heavily damaged.
You block Menkaure's attack.
You barely miss Menkaure.
Menkaure is heavily damaged.
Menkaure hits you!!
Your shield prevents you from hitting Menkaure.
Menkaure is heavily damaged.
Menkaure casts a spell.
Menkaure seems to speed up.
You hit Menkaure.
Menkaure is severely damaged.
You block Menkaure's attack.
Menkaure calls on the powers of darkness!
Your body is wracked with pain!
You hit Menkaure but do no damage.
Menkaure is severely damaged.
Menkaure calls on the powers of darkness!
Your body is wracked with pain!
* * * LOW HITPOINT WARNING * * *
Menkaure hits you.
* * * LOW HITPOINT WARNING * * *
You barely miss Menkaure.
Menkaure is severely damaged.
Menkaure calls on the powers of darkness!
Your body is wracked with pain!
* * * LOW HITPOINT WARNING * * *
Menkaure hits you!
You die...

.........#
#..........##
.........####..........
......................
......#.####..........
......#.# #...####..
#+#+####)# #...# #...#
#.# #...#
#..####รท####...####.##
##..............@M....#
.......#.###########..#
.......#.# .......#.#
....)..#.# .......#.#
.......#.# .......#.#
.......#


You could see Menkaure (fast).

Vanquished Creatures
  An ogre (D:4)
  A phantom (D:4)
  Terence (D:2)
  An orc wizard (D:3)
  5 adders
  A worm (D:3)
  2 dart slugs (D:3)
  11 orcs (D:3)
  6 endoplasms
  5 giant cockroaches
  6 goblins
  9 hobgoblins
  14 jackals
  7 kobolds
  4 quokkas
  6 ball pythons
  10 bats
  2 frilled lizards
  2 rats
94 creatures vanquished.

Notes
Turn   | Place    | Note
-------+----------+-------------------------------------------
     0 | D:1      | ZARRMARR the Hill Orc Fighter began the quest for the Orb.
     0 | D:1      | Reached XP level 1. HP: 19/19 MP: 1/1
   327 | D:1      | Reached XP level 2. HP: 12/27 MP: 2/2
   574 | D:1      | Reached skill level 3 in Axes
   666 | D:1      | Found Hul Heto's Book Shoppe.
   686 | D:1      | Reached XP level 3. HP: 30/33 MP: 3/3
  1766 | D:2      | Reached XP level 4. HP: 40/40 MP: 4/4
  1815 | D:2      | Noticed Terence
  1832 | D:2      | Killed Terence
  1833 | D:2      | Reached skill level 1 in Throwing
  2396 | D:3      | Noticed pikapanic's ghost (weakling DsAK)
  2397 | D:3      | Found a transporter.
  2401 | D:3      | Noticed a phantom
  2474 | D:3      | Reached XP level 5. HP: 38/46 MP: 5/5
  2840 | D:3      | Found a transporter.
  2852 | D:3      | Reached skill level 4 in Axes
  2854 | D:3      | Reached skill level 1 in Dodging
  3297 | D:3      | Found Xumuschi's Assorted Antiques.
  3416 | D:3      | Found a hide-covered altar of Uskayaw.
  4016 | D:4      | Noticed an ogre
  4022 | D:4      | Killed an ogre
  4023 | D:4      | Reached XP level 6. HP: 9/52 MP: 6/6
  4053 | D:4      | HP: 1/52 [phantom (7)]
  4063 | D:4      | Reached skill level 5 in Axes
  4381 | D:4      | Noticed Menkaure
  4389 | D:4      | Mangled by Menkaure

Illustrated notes

Levels and vault maps discovered:
D:1:      dpeg_arrival_windows_large_door, layout_basic, serial_shops,
          nicolae_square_shop, minmay_domino_4
D:2:      layout_basic, uniq_terence
D:3:      layout_basic, nicolae_uskayaw_dance_hall, gammafunk_ghost_mausoleum,
          serial_shops, nicolae_shop_stone, amcnicky_mini_rare_corridor_liquid,
          minivault_25, minmay_misc_feat_four_crosses, minmay_diced_spiral
D:4:      layout_basic, mainiacjoe_overflow_catwalk,
          gammafunk_temple_overflow_elements, uniq_menkaure, uniq_blork_the_orc

Skill      XL: |  1  2  3  4  5  6 |
---------------+-------------------+-----
Axes           | 3 4 5 |  5.0
Throwing       | 1 3 |  3.2
Armour         | 4 |  4.4
Dodging        | 1 |  1.1
Fighting       | 4 |  4.1
Shields        | 4 |  4.1

Action                   |  1- 3 |  4- 6 || total
-------------------------+-------+-------++-------
Melee: War axe           |    97 |   136 ||   233
Throw: Dart              |    57 |       ||    57
       Boomerang         |    10 |    36 ||    46
       Javelin           |     4 |    38 ||    42
  Use: Scroll            |     1 |       ||     1
       Potion            |       |     1 ||     1
Armor: Scale mail        |    67 |    51 ||   118
Dodge: Dodged            |    44 |    39 ||    83
Block: Kite shield       |    56 |    78 ||   134
